 Dungeon Crawl Stone Soup version 0.29-a0-360-g8ed1089bbe (webtiles) character file.

Game seed: 7600865467553543264

1780 Zeldest the Magician (level 8, -1/62 HPs)
             Began as a Mummy Necromancer on Apr 28, 2022.
             Killed from afar by Maggie (21 damage)
             ... with a bolt of fire
             ... on level 7 of the Dungeon.
             The game lasted 00:15:47 (7658 turns).

Zeldest the Magician (Mummy Necromancer)            Turns: 7658, Time: 00:15:48

Health: -1/62      AC:  5    Str: 12    XL:     8   Next: 81%
Magic:  12/18      EV: 12    Int: 16    God:
Gold:   258        SH:  0    Dex: 12    Spells: 13/20 levels left

rFire   x . .      SeeInvis .   i - +5 whip
rCold   + . .      Faith    .   (no shield)
rNeg    + + +      Spirit   .   a - +0 robe
rPois   ∞          Reflect  .   f - +0 helmet
rElec   .          Harm     .   q - +0 cloak
rCorr   .          Rampage  .   c - +0 pair of gloves
Will    +....                   (no boots)
Stlth   ++........              (no amulet)
HPRegen 0.20/turn               (no ring)
MPRegen 0.16/turn               (no ring)

@: no status effects
A: cold resistance 1, negative energy resistance 3, torment resistance 2, heat
vulnerability 1, in touch with death 1, no potions
a: no special abilities


You were on level 7 of the Dungeon.
You visited 1 branch of the dungeon, and saw 7 of its levels.

You collected 258 gold pieces.

Inventory:

Hand Weapons
 i - a +5 whip (weapon)
 x - a +1 war axe of flaming
Missiles
 b - 3 throwing nets
 v - 5 curare-tipped darts
Armour
 a - a +0 robe (worn)
 c - a +0 pair of gloves (worn)
 f - a +0 helmet (worn)
 q - a +0 cloak (worn)
Jewellery
 k - a ring of magical power
 l - an amulet of faith
 o - an amulet of regeneration
 t - a ring of flight
 u - a +6 ring of dexterity
Wands
 w - a wand of charming (13)
 y - a wand of acid (2)
Scrolls
 d - a scroll of fog
 e - 2 scrolls of fear
 g - a scroll of brand weapon
 h - 2 scrolls of teleportation
 j - a scroll of silence
 m - 2 scrolls of enchant armour
 n - a scroll of blinking {unknown}
 p - 2 scrolls of enchant weapon {unknown}
 r - a scroll of noise {unknown}
 s - a scroll of magic mapping {unknown}
 z - a scroll of amnesia {unknown}


   Skills:
 + Level 5.1 Fighting
 - Level 1.5 Dodging
 - Level 1.5 Stealth
 + Level 6.9 Spellcasting
 + Level 3.6 Conjurations
 + Level 6.7 Necromancy
 + Level 3.6 Air Magic


You had 13 spell levels left.
You knew the following spells:

 Your Spells              Type           Power      Damage    Failure   Level
a - Pain                  Necr           100%       1d9       1%          1
b - Vampiric Draining     Necr           40%        2d8       2%          3
c - Mephitic Cloud        Conj/Pois/Air  13%        N/A       14%         3

Your spell library contained the following spells:

 Spells                   Type           Power      Damage    Failure   Level
 Animate Skeleton         Necr           80%        N/A       1%          1
 Animate Dead             Necr           20%        N/A       8%          4
 Poisonous Vapours        Pois/Air       22%        N/A       9%          2
 Conjure Flame            Conj/Fire      11%        6-21      19%         3
 Agony                    Necr           40%        N/A       22%         5
 Ignite Poison            Fire/Tmut/Pois 5%         N/A       36%         3
 Sticky Flame             Conj/Fire      11%        2d3       52%         4
 Cause Fear               Hex            2%         N/A       77%         4
 Alistair's Intoxication  Tmut/Pois      3%         N/A       98%         5
 Eringya's Noxious Bog    Tmut/Pois      2%         N/A       100%        6
 Dragon's Call            Summ           2%         N/A       100%        9
 Dragon Form              Tmut           Unusable   N/A       N/A         7

Dungeon Overview and Level Annotations

Branches:
Dungeon (7/15)
 Temple: D:4-7

Altars:
Fedhas
Okawaru
Uskayaw

Annotations:
D:7 Maggie


Innate Abilities, Weirdness & Mutations

You are immune to poison.
Your flesh is cold resistant. (rC+)
You are immune to negative energy. (rN+++)
You are immune to unholy pain and torment.
You are vulnerable to heat. (rF-)
You are in touch with the powers of death.
You do not drink.


Message History

The bolt of fire hits you!!! The fire burns you terribly!
Ouch! That really hurt!
Aiming: Corrosive Bolt
Press: ? - help, Shift-Dir - straight line, f/p - Maggie
Aim: Maggie, wielding a +0 morningstar and wearing +0 swamp dragon scales (75% to hit)
The bolt of acid hits Maggie!
Maggie is moderately wounded.
Maggie casts a spell.
Maggie attempts to bespell you! You resist with almost no effort.
Aiming: Corrosive Bolt
Press: ? - help, Shift-Dir - straight line, f/p - Maggie
Aim: Maggie, wielding a +0 morningstar and wearing +0 swamp dragon scales (moderately wounded, 75% to hit)
The bolt of acid hits Maggie!
The acid corrodes Maggie!
Maggie is heavily wounded.
Aiming: Corrosive Bolt
Press: ? - help, Shift-Dir - straight line, f/p - Maggie
Aim: Maggie, wielding a +0 morningstar and wearing +0 swamp dragon scales (moderately wounded, covered in acid, 75% to hit)
The bolt of acid hits Maggie!
Maggie seems to be corroded for longer.
Maggie is heavily wounded.
Maggie points at you and mumbles some strange words.
The bolt of fire hits you! The fire burns you terribly!
* * * LOW HITPOINT WARNING * * *
You can't drink.
Casting: Pain (safe; 1% risk of failure)
Confirm with . or Enter, or press ? or * to list all spells.
Aiming: Vampiric Draining (dangerous; 2% risk of failure)
Press: ? - help, Shift-Dir - straight line, f/p - Maggie
Aim: Maggie, wielding a +0 morningstar and wearing +0 swamp dragon scales (heavily wounded, covered in acid)
You feel a surge of power!
You draw life force from Maggie!
You feel life coursing into your body. Maggie misses you.
Casting: Vampiric Draining (dangerous; 2% risk of failure)
Confirm with . or Enter, or press ? or * to list all spells.
Aiming: Vampiric Draining (dangerous; 2% risk of failure)
Press: ? - help, Shift-Dir - straight line, f/p - Maggie
Aim: Maggie, wielding a +0 morningstar and wearing +0 swamp dragon scales (severely wounded, covered in acid)
You feel a surge of power!
You draw life force from Maggie!
You feel life coursing into your body.
Maggie points at you and mumbles some strange words.
The bolt of fire hits you!! The fire burns you terribly!
You die...

#.#.#<..#
#......
#.#.###.#
#....c.
#.#.....#
..÷....
#.#######
....... #.#
....... #.#
..... #.#
.####..#######.#
......>@@......#
.......#########
....... .......
....... .......
......> ....###


You could see Maggie (corroded).

Vanquished Creatures
  4 yaks (D:5)
  An ice beast (D:5)
  A sky beast (D:7)
  A black bear (D:5)
  2 centaurs
  A bullfrog (D:6)
  A necrophage (D:5)
  3 howler monkeys (D:7)
  2 hounds
  Crazy Yiuf (D:4)
  2 iguanas (D:5)
  2 orc wizards
  6 adders
  4 gnolls (D:3)
  3 ufetubi
  2 worms
  A dart slug (D:4)
  20 orcs
  7 endoplasms
  2 giant cockroaches
  9 goblins
  12 hobgoblins
  2 jackals
  3 quokkas
  14 ball pythons
  4 bats
  9 frilled lizards
  16 kobolds
  7 rats
142 creatures vanquished.

Vanquished Creatures (collateral kills)
  An ice beast (D:6)
1 creature vanquished.

Vanquished Creatures (others)
  An adder (D:5)
  2 fungi (D:4)
  3 plants (D:2)
6 creatures vanquished.

Grand Total: 149 creatures vanquished

Notes
Turn   | Place    | Note
-------+----------+-------------------------------------------
     0 | D:1      | Zeldest the Mummy Necromancer began the quest for the Orb.
     0 | D:1      | Reached XP level 1. HP: 13/13 MP: 4/4
   276 | D:1      | Reached XP level 2. HP: 20/20 MP: 1/6
   429 | D:1      | Reached skill level 1 in Fighting
   832 | D:1      | Found a faded altar of an unknown god.
   879 | D:1      | Gained mutation: You are in touch with the powers of death.
                  | [Mummy growth]
   879 | D:1      | Reached XP level 3. HP: 26/26 MP: 5/7
  1701 | D:2      | Reached XP level 4. HP: 33/33 MP: 5/9
  1711 | D:2      | Found a hide-covered altar of Uskayaw.
  1972 | D:2      | Got the Tome of Intoxication
  2330 | D:3      | Learned a level 3 spell: Vampiric Draining
  2697 | D:3      | Reached XP level 5. HP: 39/39 MP: 2/11
  3466 | D:3      | Found a blossoming altar of Fedhas.
  3617 | D:4      | Reached skill level 1 in Conjurations
  3617 | D:4      | Reached skill level 1 in Air Magic
  3738 | D:4      | Learned a level 3 spell: Mephitic Cloud
  3922 | D:4      | Found a runed translucent door.
  3923 | D:4      | Noticed Crazy Yiuf
  4142 | D:4      | Found an iron altar of Okawaru.
  4473 | D:4      | Reached skill level 5 in Necromancy
  4551 | D:4      | Killed Crazy Yiuf
  4662 | D:5      | Entered Level 5 of the Dungeon
  4708 | D:5      | Reached XP level 6. HP: 44/47 MP: 7/12
  4955 | D:5      | Noticed a yak
  4955 | D:5      | Noticed a yak
  4984 | D:5      | Killed a yak
  4985 | D:5      | Reached skill level 5 in Spellcasting
  4985 | D:5      | Reached XP level 7. HP: 37/52 MP: 5/14
  4992 | D:5      | Noticed a yak
  5053 | D:5      | Killed a yak
  5185 | D:5      | Noticed a yak
  5195 | D:5      | Killed a yak
  6018 | D:5      | Reached XP level 8. HP: 36/60 MP: 14/16
  6695 | D:6      | Noticed a brown ugly thing
  7429 | D:7      | Reached skill level 5 in Fighting
  7651 | D:7      | Noticed Maggie
  7658 | D:7      | Killed from afar by Maggie

Illustrated notes

Levels and vault maps discovered:
D:1:      dpeg_arrival_tiny_c, layout_basic, chequers_ecumenical_altar_grove,
          minmay_tromino_mix6
D:2:      cheibrodos_old_hovel, layout_loops_ring, basic_altar,
          kennysheep_generic_room_15
D:3:      layout_loops_corners, mainiacjoe_overflow_alcove_2
D:4:      layout_basic, lemuel_crystal_altar, uniq_crazy_yiuf_cottage
D:5:      kb_forest_paths, layout_basic, lemuel_old_faithful
D:6:      layout_cave_pods, minmay_temple_entry_glassed_door
D:7:      layout_basic, gammafunk_temple_overflow_elements, uniq_maggie

Skill      XL: |  1  2  3  4  5  6  7  8 |
---------------+-------------------------+-----
Spellcasting   | 3 4 5 6 |  6.9
Fighting       | 1 2 3 4 5 |  5.1
Conjurations   | 1 2 3 |  3.6
Air Magic      | 1 2 3 |  3.6
Necromancy     | 5 6 |  6.7
Dodging        | |  1.5
Stealth        | |  1.5

Action                   |  1- 3 |  4- 6 |  7- 9 || total
-------------------------+-------+-------+-------++-------
Melee: Unarmed           |     1 |       |       ||     1
       Whip              |       |     7 |    54 ||    61
 Cast: Pain              |    87 |   117 |    58 ||   262
       Vampiric Draining |       |     9 |    25 ||    34
       Mephitic Cloud    |       |       |     1 ||     1
Evoke: Wand              |       |       |     5 ||     5
  Use: Scroll            |       |     5 |     2 ||     7
Armor: Robe              |     8 |     8 |    38 ||    54
Dodge: Dodged            |    27 |    26 |    72 ||   125

Table legend: (Time is in decaauts)
 A = Elapsed time spent in this place.
 B = Non-inter-level travel time spent in this place.
 C = Inter-level travel time spent in this place.
 D = Time resting spent in this place.
 E = Time spent auto-exploring this place.
 F = Levels seen in this place.
 G = Mean time per level.
                   A        B        C        D        E       F      G
               +--------+--------+--------+--------+--------+-----+--------+
         Total |   7665 |   7481 |    184 |   2657 |   3715 |   7 | 1095.0 |
       Dungeon |   7665 |   7481 |    184 |   2657 |   3715 |   7 | 1095.0 |
               +--------+--------+--------+--------+--------+-----+--------+

Top non-repeatable levels by time:
     D:5: 1805 daAuts
     D:3: 1411 daAuts
     D:4: 1252 daAuts
     D:1: 1223 daAuts
     D:2: 952 daAuts
     D:6: 638 daAuts
     D:7: 381 daAuts
